 Dungeon Crawl Stone Soup version 0.27-a0-994-g5030419646 (webtiles) character file.

Game seed: 13105812991633138411

151 Morbidden the Skirmisher (level 4, 0/38 HPs)
             Began as a Demigod Fighter on Apr 16, 2021.
             Slain by a black bear (3 damage)
             ... on level 4 of the Dungeon.
             The game lasted 00:02:29 (3045 turns).

Morbidden the Skirmisher (Demigod Fighter)          Turns: 3045, Time: 00:02:30

Health: 0/38       AC:  6    Str: 18 (21) XL:     4   Next: 85%
Magic:  6/6        EV:  7    Int:  8 (10) God:
Gold:   142        SH: 14    Dex: 11 (13) Spells: 3/3 levels left

rFire    . . .     SeeInvis .   a - +0 long sword
rCold    . . .     Faith    .   c - +0 kite shield
rNeg     + . .     Spirit   .   b - +0 scale mail
rPois    .         Reflect  +   (helmet restricted)
rElec    .         Harm     .   (no cloak)
rCorr    .         Rampage  .   (no gloves)
Will     .....                  (no boots)
Stlth    ..........             d - amulet of reflection
HPRegen  0.12/turn              f - ring of positive energy
MPRegen  0.10/turn              (no ring)

@: no status effects
A: high mp 1, forlorn, antennae 1
a: no special abilities


You were on level 4 of the Dungeon.
You visited 1 branch of the dungeon, and saw 4 of its levels.

You collected 142 gold pieces.

Inventory:

Hand Weapons
 a - a +0 long sword (weapon)
Missiles
 n - 7 atropa-tipped darts (quivered)
Armour
 b - a +0 scale mail (worn)
 c - a +0 kite shield (worn)
Jewellery
 d - an amulet of reflection (around neck)
 f - a ring of positive energy (left hand)
Scrolls
 g - 3 scrolls of identify {unknown}
 i - a scroll of noise {unknown}
 k - a scroll of teleportation {unknown}
 l - a scroll of blinking {unknown}
 m - a scroll of enchant armour {unknown}
 o - a scroll of holy word {unknown}
 p - a scroll of summoning {unknown}
Potions
 e - a potion of mutation
 h - a potion of curing {unknown}
 j - 2 potions of degeneration
 q - a potion of cancellation {unknown}


   Skills:
 * Level 3.3 Fighting
 * Level 3.3 Long Blades
 + Level 3.0 Armour
 * Level 1.5 Dodging
 + Level 3.2 Shields


You had 3 spell levels left.
You didn't know any spells.
Your spell library was empty.

Dungeon Overview and Level Annotations

Branches:
Dungeon (4/15)
 Temple: D:4-7

Annotations:
D:3 1 runed translucent door, Ghazghkull's ghost, amateur DEWz


Innate Abilities, Weirdness & Mutations

Your attributes grow dramatically as you level up.
You have an increased reservoir of magic. (+10% MP)
You shall have no god before yourself.
You have a pair of small antennae on your head.


Message History

The black bear is heavily wounded.
You block the black bear's attack. x3; The black bear closely misses you.
The black bear barely misses you. The black bear claws you.
You slash the black bear!
The black bear is almost dead.
The black bear goes berserk!
You closely miss the black bear.
The black bear is almost dead.
You block the black bear's attack. The black bear closely misses you.
You block the black bear's attack. x2; The black bear claws you.
The black bear barely misses you.
Unknown command.
You aren't carrying any items that you can evoke.
Unknown command.
Throw: 8 darts (atropa)
Press: ? - help, Q - select action Shift-Dir - straight line, f - black bear
Aim: a black bear (almost dead, berserk, 65% to hit, chance to blind on hit: 3%)
You throw an atropa-tipped dart.
The atropa-tipped dart closely misses the black bear.
The black bear bites you! The black bear barely misses you.
The black bear claws you but does no damage.
The black bear barely misses you. The black bear claws you.
* * * LOW HITPOINT WARNING * * *
The black bear claws you.
* * * LOW HITPOINT WARNING * * *
Unknown command.
It was a potion of mutation.
You feel extremely strange. A pair of antennae grows on your head!
You block the black bear's attack.
The black bear claws you but does no damage.
The black bear claws you.
* * * LOW HITPOINT WARNING * * *
You block the black bear's attack. The black bear barely misses you. x2
It was a potion of degeneration.
There was something very wrong with that liquid.
You feel weakened.
You feel dopey.
You feel clumsy. The black bear bites you.
* * * LOW HITPOINT WARNING * * *
The black bear claws you.
You die...

### ..# ## .
###.####### . ..
#.<........
###...
.......#@######
......
##.......h...^..
......
..........(..###
####.#
#......#.###.# #
#..#...#.# # #
.........# #
.......###
#####.# .#.##
......#


You could see a black bear (berserk).

Vanquished Creatures
  An orc priest (D:3)
  An orc wizard (D:3)
  3 adders (D:3)
  5 dart slugs
  5 orcs (D:3)
  5 ball pythons
  6 endoplasms
  2 giant cockroaches
  5 goblins
  2 hobgoblins (D:3)
  2 jackals (D:1)
  A quokka (D:2)
  3 bats
  6 frilled lizards
  3 kobolds
  3 rats (D:1)
53 creatures vanquished.

Notes
Turn   | Place    | Note
-------+----------+-------------------------------------------
     0 | D:1      | Morbidden the Demigod Fighter began the quest for the Orb.
     0 | D:1      | Reached XP level 1. HP: 18/18 MP: 3/3
   248 | D:1      | Reached XP level 2. HP: 24/25 MP: 4/4
   974 | D:2      | Reached XP level 3. HP: 31/31 MP: 5/5
  1799 | D:3      | Reached skill level 1 in Dodging
  1826 | D:3      | Reached XP level 4. HP: 10/38 MP: 6/6
  2821 | D:3      | Found a runed translucent door.
  2827 | D:3      | Noticed Ghazghkull's ghost (amateur DEWz)
  2978 | D:4      | Noticed an ogre
  3033 | D:4      | Noticed a black bear
  3044 | D:4      | Gained mutation: You have a pair of small antennae on your
                  | head. [potion of mutation]
  3045 | D:4      | Slain by a black bear

Illustrated notes

Levels and vault maps discovered:
D:1:      moated_graveyard_arrival, layout_loops_ring,
          hellmonk_ecumenical_altar_dog_temple, minmay_pentomino_p4
D:2:      layout_basic
D:3:      layout_loops_ring, ebering_ghost_reflecting_pool
D:4:      layout_loops_ring

Skill      XL: |  1  2  3  4 |
---------------+-------------+-----
Long Blades    | 2 3 |  3.3
Fighting       | 3 |  3.3
Shields        | 3 |  3.2
Dodging        | 1 |  1.5
Armour         | 3 |  3.0

Action                   |  1- 3 |  4- 6 || total
-------------------------+-------+-------++-------
Melee: Long sword        |   125 |    57 ||   182
Throw: Dart              |       |     1 ||     1
  Use: Potion            |     1 |     2 ||     3
Armor: Scale mail        |    64 |    36 ||   100
Dodge: Dodged            |    41 |    23 ||    64
Block: Kite shield       |    70 |    59 ||   129
       Reflection        |       |     1 ||     1
       Rpst.: Long sword |     9 |     5 ||    14

Table legend: (Time is in decaauts)
 A = Elapsed time spent in this place.
 B = Non-inter-level travel time spent in this place.
 C = Inter-level travel time spent in this place.
 D = Time resting spent in this place.
 E = Time spent auto-exploring this place.
 F = Levels seen in this place.
 G = Mean time per level.
                   A        B        C        D        E       F      G
               +--------+--------+--------+--------+--------+-----+--------+
         Total |   3139 |   3024 |    115 |    231 |   2325 |   4 |  784.8 |
       Dungeon |   3139 |   3024 |    115 |    231 |   2325 |   4 |  784.8 |
               +--------+--------+--------+--------+--------+-----+--------+

Top non-repeatable levels by time:
     D:3: 1664 daAuts
     D:1: 763 daAuts
     D:2: 664 daAuts
     D:4: 47 daAuts
